[Event "Titled Tuesday Blitz April 11 Late 2023"]
[White "Iliaguev, Nisim"]
[Black "Naroditsky, Daniel"]
[WhiteFideId "2817276"]
[BlackFideId "2026961"]
[WhiteElo "2241"]
[BlackElo "2633"]
[Result "0-1"]
[Round "02"]
[TimeControl "180+2"]
[Date "2023.04.11"]
[WhiteClock "0:00:22"]
[BlackClock "0:00:28"]

1. d4 Nf6 2. Nf3 g6 3. g3 Bg7 4. Bg2 O-O 5. O-O d6 6. b3 c5 7. Bb2 cxd4 8. Nxd4 d5 9. Nd2 e5 10. N4f3 e4 11. Nd4 e3 12. fxe3 Ng4 13. Rf3 Re8 14. Nf1 Qg5 15. Qd2 Nd7 16. h3 Ngf6 17. Rf4 Ne4 18. Bxe4 dxe4 19. c4 a6 20. Bc3 Ne5 21. Kg2 Bd7 22. Nc2 Rad8 23. Bd4 Bc6 24. Qc3 f5 25. Nb4 Qe7 26. Rd1 a5 27. Nxc6 Nxc6 28. Rd2 Nxd4 29. exd4 Bh6 30. e3 Bxf4 31. gxf4 b6 32. d5 Qc5 33. Qd4 Rd6 34. Qxc5 bxc5 35. a4 Rb8 36. Rb2 Kf7 37. Nd2 h6 38. Rb1 g5 39. Kg3 Kg6 40. Rf1 Rdb6 41. Rd1 Kf6 42. Rb1 Rg8 43. fxg5+ hxg5 44. Rf1 Ke5 45. Rf2 f4+ 46. exf4+ gxf4+ 47. Kh2 e3 48. Nf3+ Ke4 49. Rf1 e2 50. Nd2+ Ke3 0-1


[Site "https://www.chess.com"]

[Event "Titled Tuesday Blitz April 11 Late 2023"]
[White "Bortnyk, Olexandr"]
[Black "Korchmar, Vasiliy"]
[WhiteFideId "14120828"]
[BlackFideId "24131750"]
[WhiteElo "2734"]
[BlackElo "2370"]
[Result "1-0"]
[Round "02"]
[TimeControl "180+2"]
[Date "2023.04.11"]
[WhiteClock "0:01:00"]
[BlackClock "0:00:02"]

1. d4 d5 2. Nc3 Nf6 3. Bf4 a6 4. e3 b5 5. a3 Bb7 6. Nf3 e6 7. b4 Nbd7 8. Bd3 Bd6 9. Ne5 O-O 10. Qf3 a5 11. Qh3 g6 12. Nxb5 axb4 13. a4 Ne4 14. f3 Bxe5 15. dxe5 Nec5 16. O-O Nxd3 17. cxd3 Ba6 18. Rac1 Bxb5 19. axb5 Rb8 20. Qh6 Rxb5 21. Bg5 f6 22. exf6 Nxf6 23. Rc6 Qd7 24. Ra6 Ne8 25. Qh4 b3 26. Bh6 b2 27. Rb1 Rf7 28. Ra8 Qc6 29. Qd8 Qc1+ 30. Kf2 1-0


[Site "https://www.chess.com"]

[Event "Titled Tuesday Blitz April 11 Late 2023"]
[White "Ezat, Mohamed"]
[Black "Duda, Jan-Krzysztof"]
[WhiteFideId "10600906"]
[BlackFideId "1170546"]
[WhiteElo "2386"]
[BlackElo "2790"]
[Result "1/2-1/2"]
[Round "02"]
[TimeControl "180+2"]
[Date "2023.04.11"]
[WhiteClock "0:00:10"]
[BlackClock "0:01:16"]

1. d4 d6 2. c4 Nf6 3. Nc3 e5 4. Nf3 Nbd7 5. Bg5 Be7 6. e3 h6 7. Bh4 O-O 8. Qc2 c6 9. O-O-O Qc7 10. Bd3 Re8 11. Kb1 a6 12. h3 Ra7 13. g4 b5 14. g5 hxg5 15. Nxg5 bxc4 16. Bh7+ Kf8 17. Nxf7 Nxh7 18. Qxh7 Bxh4 19. Rhg1 Bf6 20. Rxg7 Bxg7 21. Rg1 Nb6 22. Qxg7+ Ke7 23. Nxd6+ Kxd6 24. Ne4+ Kd5 25. Nc3+ Kd6 26. Ne4+ Kd5 27. Nc3+ Kd6 1/2-1/2


[Site "https://www.chess.com"]

[Event "Titled Tuesday Blitz April 11 Late 2023"]
[White "Lazavik, Denis"]
[Black "Kosteniuk, Alexandra"]
[WhiteFideId "13515110"]
[BlackFideId "4128125"]
[WhiteElo "2560"]
[BlackElo "2453"]
[Result "0-1"]
[Round "02"]
[TimeControl "180+2"]
[Date "2023.04.11"]
[WhiteClock "0:00:08"]
[BlackClock "0:00:06"]

1. d4 f5 2. Nf3 Nf6 3. g3 g6 4. Bg2 Bg7 5. O-O d6 6. b3 O-O 7. Bb2 a5 8. c4 a4 9. Qc2 Qe8 10. Rd1 Ne4 11. Nbd2 a3 12. Bc1 Nc6 13. Nxe4 fxe4 14. Qxe4 Bf5 15. Qh4 e5 16. Bh6 Bf6 17. Ng5 Qe7 18. Bxc6 bxc6 19. dxe5 dxe5 20. e4 Be6 21. Rd3 Rf7 22. Rad1 Re8 23. Rf3 Rd8 24. Rxd8+ Qxd8 25. Kg2 Qe7 26. Rd3 Bc8 27. Kg1 c5 28. f4 exf4 29. gxf4 Bd4+ 30. Kf1 Bb7 31. Qg4 Rf6 32. Rf3 Rd6 33. Qg3 Bf6 34. e5 Rd1+ 35. Ke2 Qd7 36. Rd3 Rxd3 37. Qxd3 Qg4+ 38. Kd2 Qxf4+ 39. Qe3 Qxh2+ 40. Kc3 Qxe5+ 41. Qxe5 Bxe5+ 42. Kd3 Bg7 43. Bxg7 Kxg7 44. Ne6+ Kf6 45. Nxc5 Bc6 46. b4 h5 47. b5 Bg2 48. Na6 h4 49. Ke3 h3 50. Kf2 Be4 51. Nxc7 h2 0-1


[Site "https://www.chess.com"]

[Event "Titled Tuesday Blitz April 11 Late 2023"]
[White "Castaneda, Jhon David"]
[Black "Andreikin, Dmitry"]
[WhiteFideId "4405048"]
[BlackFideId "4158814"]
[WhiteElo "2102"]
[BlackElo "2736"]
[Result "0-1"]
[Round "02"]
[TimeControl "180+2"]
[Date "2023.04.11"]
[WhiteClock "0:01:19"]
[BlackClock "0:01:54"]

1. d4 Nf6 2. Nf3 e6 3. c4 d5 4. Nc3 c6 5. cxd5 exd5 6. Bg5 Be7 7. e3 Bf5 8. Nh4 Be4 9. Nf3 Nbd7 10. Be2 h6 11. Bh4 Bh7 12. Bd3 Ne4 13. Bxe7 Qxe7 14. O-O O-O 15. Bxe4 dxe4 16. Nd2 f5 17. Qb3+ Kh8 18. Qxb7 Qd6 19. Nc4 Qe6 20. Na5 f4 21. exf4 Nf6 22. Qxc6 Qg4 23. Nd1 Rac8 24. Ne3 Qxf4 25. Qe6 Qg5 26. Rac1 Rxc1 27. Rxc1 Qxa5 28. d5 Bg8 29. Qe7 Rf7 30. Qe5 Rd7 31. Rc8 Qe1+ 32. Nf1 Rxd5 33. Qe7 Rd1 0-1


[Site "https://www.chess.com"]

[Event "Titled Tuesday Blitz April 11 Late 2023"]
[White "Aldokhin, Ivan"]
[Black "Vachier-Lagrave, Maxime"]
[WhiteFideId "24115720"]
[BlackFideId "623539"]
[WhiteElo "2322"]
[BlackElo "2740"]
[Result "0-1"]
[Round "02"]
[TimeControl "180+2"]
[Date "2023.04.11"]
[WhiteClock "0:00:02"]
[BlackClock "0:01:01"]

1. e4 c5 2. Nf3 Nc6 3. d4 cxd4 4. Nxd4 Nf6 5. Nc3 e5 6. Ndb5 d6 7. Bg5 a6 8. Na3 b5 9. Nd5 Be7 10. Bxf6 Bxf6 11. c3 Bg5 12. Nc2 Rb8 13. Be2 O-O 14. O-O a5 15. b4 axb4 16. cxb4 Bd7 17. Bg4 Be6 18. a4 bxa4 19. Rxa4 Qd7 20. Bf3 Rfc8 21. Ra6 Bd8 22. Qd3 Bxd5 23. Qxd5 Bb6 24. h3 Ne7 25. Qd3 Qc7 26. Na3 g6 27. Nb5 Qc4 28. Qxc4 Rxc4 29. Rb1 Bxf2+ 30. Kxf2 Rxb5 31. Rxd6 Rbxb4 32. Rxb4 Rxb4 33. Rd7 Kf8 34. Rd8+ Kg7 35. Rd7 Nc6 36. Bg4 Nd4 37. Rd5 h5 38. Bd1 Rb5 39. Rd6 h4 40. Bf3 f6 41. Rd7+ Kh6 42. Rd8 Kg5 43. Rf8 Rb2+ 44. Kf1 f5 45. Rh8 Nxf3 46. gxf3 Kf4 47. Rxh4+ Kxf3 48. Ke1 f4 49. Rg4 Ke3 50. Kd1 f3 51. Rxg6 f2 52. Rf6 Rb1+ 53. Kc2 f1=Q 0-1


[Site "https://www.chess.com"]

[Event "Titled Tuesday Blitz April 11 Late 2023"]
[White "Bluebaum, Matthias"]
[Black "Domingo Nunez, Ruben"]
[WhiteFideId "24651516"]
[BlackFideId "22245570"]
[WhiteElo "2638"]
[BlackElo "2404"]
[Result "1-0"]
[Round "02"]
[TimeControl "180+2"]
[Date "2023.04.11"]
[WhiteClock "0:00:52"]
[BlackClock "0:00:08"]

1. d4 g6 2. c4 Bg7 3. e4 d6 4. Nc3 Nd7 5. Nf3 e5 6. Be2 Ngf6 7. Be3 O-O 8. O-O exd4 9. Nxd4 Re8 10. f3 Nc5 11. Qd2 Nh5 12. Rad1 Ne6 13. Nb3 a5 14. f4 a4 15. Na1 a3 16. b3 Nf6 17. Nc2 Nf8 18. Bf3 Bg4 19. Bxg4 Nxg4 20. Bd4 Qh4 21. h3 Nf6 22. Rde1 Ne6 23. Be3 Nc5 24. Bxc5 dxc5 25. e5 Nh5 26. Ne4 b6 27. Qf2 Qxf2+ 28. Rxf2 f5 29. Nc3 Bh6 30. Nd5 c6 31. Nc7 Nxf4 32. Nxe8 Rxe8 33. Rf3 Rd8 34. e6 Re8 35. Nxa3 Nxe6 36. Rd3 Kf7 37. Rd7+ Re7 38. Rxe7+ Kxe7 39. Nb1 Bg7 40. Rc1 Bb2 41. Rc2 Bd4+ 42. Kf1 Ng5 43. Nc3 Kf6 44. Na4 Ne4 45. Nxb6 Ng3+ 46. Ke1 f4 47. a4 Ke6 48. a5 Kd6 49. a6 1-0


[Site "https://www.chess.com"]

[Event "Titled Tuesday Blitz April 11 Late 2023"]
[White "Manukyan, Sargis A."]
[Black "Sarana, Alexey"]
[WhiteFideId "13303970"]
[BlackFideId "24133795"]
[WhiteElo "2187"]
[BlackElo "2714"]
[Result "1-0"]
[Round "02"]
[TimeControl "180+2"]
[Date "2023.04.11"]
[WhiteClock "0:00:42"]
[BlackClock "0:00:01"]

1. d4 Nf6 2. c4 e6 3. Nc3 d5 4. Bg5 c5 5. cxd5 cxd4 6. Qxd4 Nc6 7. Qa4 exd5 8. Rd1 Be6 9. e4 d4 10. e5 Qb6 11. exf6 dxc3 12. bxc3 Qc5 13. Bd2 gxf6 14. Nf3 Rg8 15. Bb5 Rxg2 16. Be3 Qxc3+ 17. Ke2 Rg4 18. Nd4 Rc8 19. Rc1 Qa3 20. Rxc6 bxc6 21. Bxc6+ Kd8 22. Nxe6+ fxe6 23. Rd1+ Kc7 24. Rd7+ 1-0


[Site "https://www.chess.com"]

[Event "Titled Tuesday Blitz April 11 Late 2023"]
[White "Hakobyan, Aram"]
[Black "Sieciechowicz, Marcin"]
[WhiteFideId "13306677"]
[BlackFideId "1130170"]
[WhiteElo "2584"]
[BlackElo "2302"]
[Result "1-0"]
[Round "02"]
[TimeControl "180+2"]
[Date "2023.04.11"]
[WhiteClock "0:00:16"]
[BlackClock "0:00:08"]

1. e4 c5 2. Nf3 d6 3. Bb5+ Nd7 4. g4 a6 5. Be2 g6 6. a4 Bg7 7. Nc3 h6 8. d4 cxd4 9. Nxd4 Ngf6 10. Be3 Nc5 11. f3 Bd7 12. Qd2 Rc8 13. h4 Ne6 14. Nb3 Bc6 15. Rd1 Nd7 16. a5 Qc7 17. Nd5 Bxd5 18. exd5 Nec5 19. Nd4 Ne5 20. h5 g5 21. Nf5 Bf6 22. O-O Na4 23. c4 Nxb2 24. Rc1 Na4 25. f4 gxf4 26. Bxf4 Nc5 27. Qe3 Qxa5 28. Bxh6 Rg8 29. Nxd6+ Kd7 30. Nxc8 Kxc8 31. g5 Bxg5 32. Bxg5 f6 33. Rf5 Ncd7 34. h6 Qa2 35. c5 Qb2 36. c6 bxc6 37. dxc6 Nf8 38. Bxa6+ Kc7 39. Qa7+ Kd6 40. Rd1+ Ke6 41. Qf2 Qxf2+ 42. Rxf2 Nxc6 43. Bc4+ 1-0


[Site "https://www.chess.com"]

[Event "Titled Tuesday Blitz April 11 Late 2023"]
[White "Sipila, Vilka"]
[Black "Tang, Andrew"]
[WhiteFideId "505455"]
[BlackFideId "2059630"]
[WhiteElo "2343"]
[BlackElo "2596"]
[Result "0-1"]
[Round "02"]
[TimeControl "180+2"]
[Date "2023.04.11"]
[WhiteClock "0:00:01"]
[BlackClock "0:00:07"]

1. b3 d5 2. Bb2 c5 3. e3 Nc6 4. f4 Nf6 5. Bb5 Qb6 6. Bxc6+ Qxc6 7. Nf3 g6 8. O-O Bg7 9. Ne5 Qc7 10. Nc3 O-O 11. d3 Rd8 12. Qf3 b6 13. e4 Bb7 14. Rae1 Rac8 15. Ng4 Nxg4 16. Qxg4 dxe4 17. dxe4 c4 18. e5 Rd2 19. Re2 Rcd8 20. Rff2 Qc5 21. h3 cxb3 22. axb3 h5 23. Qg3 Rxe2 24. Nxe2 Qxc2 25. Nd4 Qe4 26. Re2 Qb1+ 27. Kh2 Ba6 28. Rf2 Qe4 29. Nf3 Rd3 30. b4 Bh6 31. Ng5 Rxg3 32. Nxe4 Rb3 33. e6 fxe6 34. Ng5 Bc4 35. Rd2 Bd5 36. Rc2 Bxg5 37. fxg5 Rxb4 38. Ba3 Rc4 39. Rxc4 Bxc4 40. Bxe7 b5 41. Bb4 e5 42. Kg1 Kf7 43. Kf2 Ke6 44. Ke3 Bd5 45. g3 Bg2 46. h4 Bh3 47. Ba5 Kd5 48. Bb4 Bf5 49. Ba5 Kc4 50. Bc7 Kd5 51. Ba5 a6 52. Bb4 Kc4 53. Ba5 b4 54. Bc7 e4 55. Kd2 b3 56. Be5 a5 57. Kc1 e3 58. Bb2 Kd3 59. Kd1 a4 60. Ba3 Bg4+ 61. Kc1 Kc4 62. Bd6 e2 63. Kd2 b2 0-1


[Site "https://www.chess.com"]

[Event "Titled Tuesday Blitz April 11 Late 2023"]
[White "Paravyan, David"]
[Black "Poliakova, Varvara"]
[WhiteFideId "4194985"]
[BlackFideId "13518313"]
[WhiteElo "2563"]
[BlackElo "2075"]
[Result "1-0"]
[Round "02"]
[TimeControl "180+2"]
[Date "2023.04.11"]
[WhiteClock "0:00:22"]
[BlackClock "0:00:19"]

1. d4 f5 2. Nf3 Nf6 3. e3 d6 4. Bd3 g6 5. O-O Bg7 6. Nc3 Nc6 7. e4 fxe4 8. Nxe4 O-O 9. h3 Nh5 10. c3 e5 11. Bg5 Qe8 12. Bc4+ Kh8 13. Re1 Nf4 14. Ng3 h6 15. Bxf4 Rxf4 16. Bb5 Qf8 17. Bxc6 bxc6 18. dxe5 Bxh3 19. exd6 cxd6 20. Re4 Bg4 21. Rxf4 Qxf4 22. Qd2 Rf8 23. Qxf4 Rxf4 24. Re1 Bxf3 25. gxf3 Rxf3 26. Re6 Rf6 27. Re7 d5 28. Rxa7 Rd6 29. Ne2 c5 30. Nf4 d4 31. cxd4 cxd4 32. Nd3 Rc6 33. a4 Rc2 34. Rb7 Rd2 35. Rb3 Rd1+ 36. Kg2 Ra1 37. Ra3 Rxa3 38. bxa3 Bf8 39. a5 Bd6 40. a6 Bb8 41. Nb4 Ba7 42. Kf1 h5 43. Nc6 Bc5 44. a7 Bxa7 45. Nxa7 h4 46. Nb5 d3 47. a4 1-0


[Site "https://www.chess.com"]

[Event "Titled Tuesday Blitz April 11 Late 2023"]
[White "Sai Krishna G V"]
[Black "Caruana, Fabiano"]
[WhiteFideId "5028280"]
[BlackFideId "2020009"]
[WhiteElo "2359"]
[BlackElo "2837"]
[Result "0-1"]
[Round "02"]
[TimeControl "180+2"]
[Date "2023.04.11"]
[WhiteClock "0:00:45"]
[BlackClock "0:01:45"]

1. e4 e5 2. Nf3 Nc6 3. Bb5 a6 4. Ba4 Nf6 5. O-O b5 6. Bb3 Bc5 7. a4 Rb8 8. axb5 axb5 9. c3 d6 10. d4 Bb6 11. Bg5 h6 12. Bh4 g5 13. Bg3 O-O 14. Re1 Bg4 15. Bd5 Nxd5 16. exd5 Ne7 17. h3 Bxf3 18. Qxf3 exd4 19. Nd2 Ng6 20. Qh5 Kg7 21. Re4 dxc3 22. bxc3 Qf6 23. Rae1 Qxc3 24. Nf1 b4 25. h4 b3 26. hxg5 hxg5 27. Qxg5 b2 28. Nh2 b1=Q 29. Ng4 Qbxe1+ 0-1


[Site "https://www.chess.com"]

[Event "Titled Tuesday Blitz April 11 Late 2023"]
[White "Seo, Jung Min"]
[Black "Sadhwani, Raunak"]
[WhiteFideId "1734687"]
[BlackFideId "35093487"]
[WhiteElo "2468"]
[BlackElo "2631"]
[Result "1-0"]
[Round "02"]
[TimeControl "180+2"]
[Date "2023.04.11"]
[WhiteClock "0:00:06"]
[BlackClock "0:00:01"]

1. Nf3 g6 2. g3 Bg7 3. Bg2 Nf6 4. O-O O-O 5. d4 d6 6. Re1 Bf5 7. Nc3 Ne4 8. Nxe4 Bxe4 9. c3 Nd7 10. Bf1 c5 11. dxc5 Nxc5 12. Nd4 Qb6 13. Nb3 Na4 14. Be3 Qc7 15. Qd2 a6 16. Rac1 b5 17. Nd4 e5 18. Nf3 Rac8 19. Bh3 Rcd8 20. b3 Nb6 21. Bh6 Bb7 22. Bxg7 Kxg7 23. Bg2 d5 24. e3 Rfe8 25. Qb2 f6 26. Red1 Rc8 27. Ne1 Red8 28. Nd3 Qe7 29. f4 e4 30. Ne1 Qc5 31. Kf2 h5 32. Qe2 Rc7 33. Nc2 Bc8 34. Nd4 Bg4 35. Qd2 Kf7 36. Re1 Rdc8 37. h3 Bd7 38. Qb2 a5 39. Rc2 g5 40. fxg5 fxg5 41. Kg1 Kg6 42. Rf1 Rf8 43. Rxf8 Qxf8 44. Rf2 Qd6 45. Ne2 Rc8 46. Qd2 Rf8 47. Rxf8 Qxf8 48. Qd4 Qf6 49. Qc5 Nc8 50. Nd4 Qd6 51. Qxd6+ Nxd6 52. a3 Kf6 53. Bf1 Ke7 54. Kf2 Kd8 55. h4 g4 56. b4 Kc7 57. Ke1 Kb6 58. Kd2 Ne8 59. Be2 Nc7 60. Nb3 Ne8 61. bxa5+ Ka7 62. Nd4 Nd6 63. Kc2 Ka6 64. a4 Kxa5 65. axb5 Bxb5 66. Bxb5 Nxb5 67. Nf5 Na3+ 68. Kd2 Nc4+ 69. Ke2 Ka4 70. Ng7 Kb3 71. Nxh5 Kxc3 72. Nf4 Nd6 73. Nxd5+ Kc4 74. Nf6 Kc5 75. Nxg4 Kd5 76. Nf2 Ke5 77. g4 Nc4 78. g5 Kf5 79. Nxe4 Kxe4 80. g6 Nxe3 81. g7 1-0


[Site "https://www.chess.com"]

[Event "Titled Tuesday Blitz April 11 Late 2023"]
[White "Svane, Rasmus"]
[Black "Tarlabasi, Emirhan"]
[WhiteFideId "4657101"]
[BlackFideId "6350275"]
[WhiteElo "2597"]
[BlackElo "2200"]
[Result "1-0"]
[Round "02"]
[TimeControl "180+2"]
[Date "2023.04.11"]
[WhiteClock "0:01:03"]
[BlackClock "0:00:18"]

1. Nf3 d5 2. g3 Nf6 3. Bg2 Nbd7 4. d4 e6 5. c4 Bb4+ 6. Bd2 Be7 7. Qc2 c6 8. O-O O-O 9. Rc1 Ne4 10. Be1 b6 11. Nc3 Nxc3 12. Bxc3 Ba6 13. cxd5 cxd5 14. e3 Bd6 15. Qa4 Bb7 16. Bb4 Bxb4 17. Qxb4 Rc8 18. Bf1 Nf6 19. Bd3 Rc7 20. Qe1 Rxc1 21. Rxc1 Qd6 22. Qc3 Rd8 23. Ne5 Ne8 24. Bxh7+ Kxh7 25. Nxf7 Qe7 26. Nxd8 Qxd8 27. Qa3 Nd6 28. Qxa7 Qe7 29. Qxb6 e5 30. dxe5 Qxe5 31. Qd4 Qxd4 32. exd4 Nc4 33. b3 Nd2 34. Kg2 Ba6 35. f3 Be2 36. Rc2 Bxf3+ 37. Kf2 1-0


[Site "https://www.chess.com"]

[Event "Titled Tuesday Blitz April 11 Late 2023"]
[White "Mamedov, Edgar"]
[Black "Bortnyk, Mykola"]
[WhiteFideId "13739980"]
[BlackFideId "14120836"]
[WhiteElo "2330"]
[BlackElo "2582"]
[Result "0-1"]
[Round "02"]
[TimeControl "180+2"]
[Date "2023.04.11"]
[WhiteClock "0:00:30"]
[BlackClock "0:01:35"]

1. d4 g6 2. Nf3 Bg7 3. e4 c6 4. c3 d5 5. Bd3 dxe4 6. Bxe4 Nf6 7. Bd3 O-O 8. O-O Nbd7 9. h3 Re8 10. Bf4 Qb6 11. Qb3 Nd5 12. Bh2 e5 13. Qxb6 axb6 14. dxe5 Nxe5 15. Nxe5 Bxe5 16. Bxe5 Rxe5 17. Nd2 Nf4 18. Bc4 Rg5 19. g3 Bxh3 20. Rfe1 Be6 21. Ne4 Nh3+ 22. Kg2 Bxc4 23. Kxh3 Rh5+ 24. Kg2 Bd5 25. f3 Bxe4 26. Rxe4 Rd5 27. Re2 Kg7 28. c4 Rd3 29. a3 Rad8 30. Rc1 h5 31. Rcc2 R8d7 32. Kf2 g5 33. Re3 Rd2+ 34. Re2 Rxc2 35. Rxc2 Rd3 36. Re2 Rb3 37. Kg2 Kg6 38. Rd2 Kf5 39. Re2 f6 40. Kf2 h4 41. gxh4 gxh4 42. Kg2 Kf4 43. Re4+ Kg5 44. Re2 f5 45. Rd2 c5 46. Rd7 Rxb2+ 47. Kh3 Rb3 48. Rg7+ Kf4 49. Rxb7 Kxf3 50. a4 Rb4 51. Kxh4 Rxc4+ 52. Kg5 f4 53. Rxb6 Rxa4 54. Rb3+ Kg2 55. Rb2+ Kg3 56. Rc2 f3 57. Rc3 Kg2 0-1


[Site "https://www.chess.com"]

[Event "Titled Tuesday Blitz April 11 Late 2023"]
[White "Kramnik, Vladimir"]
[Black "Kleiman, Jake"]
[WhiteFideId "4101588"]
[BlackFideId "2020041"]
[WhiteElo "2712"]
[BlackElo "2399"]
[Result "0-1"]
[Round "02"]
[TimeControl "180+2"]
[Date "2023.04.11"]
[WhiteClock "0:00:01"]
[BlackClock "0:00:14"]

1. e4 e5 2. Nf3 Nc6 3. g3 Nf6 4. d3 d5 5. exd5 Qxd5 6. Nc3 Bb4 7. Bg2 Bg4 8. h3 Bxf3 9. Bxf3 Qd7 10. Bd2 O-O-O 11. Bg2 Rhe8 12. O-O Kb8 13. Bg5 Nd4 14. Bxf6 gxf6 15. Nd5 Be7 16. c3 Nc6 17. b4 Qe6 18. Qb3 Bf8 19. Rad1 Ne7 20. Ne3 Qxb3 21. axb3 f5 22. Nc4 Bg7 23. Rfe1 Nc8 24. Ne3 Ne7 25. Nc4 Nc8 26. h4 c6 27. Bh3 f4 28. Bxc8 Kxc8 29. gxf4 Rg8 30. Kf1 exf4 31. d4 Bf6 32. Ne5 Rg7 33. Nf3 Kc7 34. h5 Rd5 35. Re4 Rg4 36. Re8 Rxh5 37. Ke2 Rh6 38. Rf8 Rg7 39. c4 Be7 40. Rh8 Bxb4 41. d5 Rd6 42. dxc6 bxc6 43. Rxd6 Kxd6 44. Kd3 Bc5 45. Ke4 Bxf2 46. Rd8+ Ke7 47. Rb8 Be3 48. Kf5 Rg6 49. Rb7+ Ke8 50. Ne5 Rd6 51. Rb8+ Ke7 52. Rb7+ Ke8 53. b4 Bd4 54. Nf3 Be3 55. c5 Re6 56. Rxa7 h5 57. Ra8+ Ke7 58. Rh8 Rf6+ 59. Ke4 Re6+ 60. Kd3 Rg6 61. Rxh5 Rg3 62. Ke4 Rg6 63. Ne5 Re6 64. Rh7 Bd2 65. Rxf7+ Ke8 66. Rf5 Bxb4 67. Kxf4 Bxc5 68. Nd3 Bd6+ 69. Kf3 Ke7 70. Nf4 Bxf4 71. Rxf4 Kd6 72. Rd4+ Kc5 73. Rd1 Kb5 74. Rb1+ Kc5 75. Rc1+ Kd6 76. Rd1+ Kc7 77. Rc1 Re5 78. Kf4 Rd5 79. Ke4 Rd2 80. Ke3 Rd7 81. Ke4 Rd5 82. Rc2 Kd6 83. Rb2 Rc5 84. Rd2+ Rd5 85. Rb2 Re5+ 86. Kd4 Rd5+ 0-1


[Site "https://www.chess.com"]

[Event "Titled Tuesday Blitz April 11 Late 2023"]
[White "Mustafayev, Farid"]
[Black "Martinez Alcantara, Jose Eduardo"]
[WhiteFideId "13408771"]
[BlackFideId "3805662"]
[WhiteElo "2237"]
[BlackElo "2711"]
[Result "1-0"]
[Round "02"]
[TimeControl "180+2"]
[Date "2023.04.11"]
[WhiteClock "0:00:21"]
[BlackClock "0:00:04"]

1. c4 c5 2. g3 Nc6 3. Bg2 g6 4. Nc3 Bg7 5. Nf3 e6 6. O-O Nge7 7. d3 d5 8. cxd5 exd5 9. Bf4 O-O 10. Rc1 b6 11. a3 h6 12. h4 Be6 13. Nb5 Rc8 14. Qd2 Kh7 15. d4 c4 16. Ne5 a6 17. Nc3 Na5 18. Rcd1 Nb3 19. Qe1 b5 20. e4 f6 21. Nf3 dxe4 22. Qxe4 Bf5 23. Qb7 Bc2 24. Qxa6 Bxd1 25. Rxd1 g5 26. Be3 Qd7 27. Nxb5 Rfd8 28. Nc3 Kh8 29. hxg5 hxg5 30. Nd2 Nxd2 31. Rxd2 Qf5 32. Be4 Qg4 33. Kg2 Kg8 34. Qb7 Qd7 35. Qb4 f5 36. Bb7 Rb8 37. Qxc4+ Kh8 38. Rd1 Qxb7+ 39. d5 Kg8 40. Bxg5 Bxc3 41. bxc3 Rbc8 42. Qa2 Kg7 43. c4 Kg6 44. Qa1 Rf8 45. Rh1 Ng8 46. Qc1 Qd7 47. Bf4 Kf7 48. Rh7+ Ke8 49. Qe3+ Kd8 50. Qb6+ Ke8 51. Rxd7 Kxd7 52. Qe6+ Kd8 53. c5 Nf6 54. Bg5 Kc7 55. Bxf6 Kb7 56. Qb6+ Ka8 57. Qa6+ 1-0


[Site "https://www.chess.com"]

[Event "Titled Tuesday Blitz April 11 Late 2023"]
[White "Anton Guijarro, David"]
[Black "Sabuk, Piotr"]
[WhiteFideId "2285525"]
[BlackFideId "1137565"]
[WhiteElo "2618"]
[BlackElo "2298"]
[Result "1-0"]
[Round "02"]
[TimeControl "180+2"]
[Date "2023.04.11"]
[WhiteClock "0:00:20"]
[BlackClock "0:00:02"]

1. d4 Nf6 2. Nf3 e6 3. Bg5 h6 4. Bxf6 Qxf6 5. e4 d5 6. Nbd2 Qd8 7. c3 c5 8. exd5 exd5 9. Bb5+ Nc6 10. O-O Be6 11. Qa4 Qb6 12. Nb3 c4 13. Na5 a6 14. Bxc6+ bxc6 15. Qxc6+ Qxc6 16. Nxc6 Bd6 17. b4 Kd7 18. Nce5+ Kc7 19. a4 g5 20. Rfe1 Rhe8 21. h3 Re7 22. Re3 Bf5 23. Ng4 Re6 24. Rxe6 Bxe6 25. Nxh6 Rh8 26. Ng4 Bf4 27. Re1 Bd7 28. Re7 Kd6 29. Rxf7 Bxa4 30. g3 Bc1 31. Rf6+ Kc7 32. Rxa6 Bc2 33. Nf6 1-0


[Site "https://www.chess.com"]

[Event "Titled Tuesday Blitz April 11 Late 2023"]
[White "Hardaway, Brewington"]
[Black "Alekseenko, Kirill"]
[WhiteFideId "30941849"]
[BlackFideId "4135539"]
[WhiteElo "2159"]
[BlackElo "2683"]
[Result "0-1"]
[Round "02"]
[TimeControl "180+2"]
[Date "2023.04.11"]
[WhiteClock "0:00:11"]
[BlackClock "0:00:11"]

1. d4 d5 2. c4 dxc4 3. Nc3 Nf6 4. e3 e5 5. Bxc4 exd4 6. exd4 Bd6 7. Nf3 O-O 8. O-O Nc6 9. h3 h6 10. Re1 Bf5 11. Be3 a6 12. a4 Qd7 13. d5 Ne5 14. Nxe5 Bxe5 15. Qf3 Rfe8 16. Rad1 Bg6 17. Bd4 Bxd4 18. Rxe8+ Rxe8 19. Rxd4 Re1+ 20. Kh2 Qd6+ 21. Qf4 Qxf4+ 22. Rxf4 Kf8 23. Rf3 Ke7 24. Kg3 Kd6 25. Re3 Rxe3+ 26. fxe3 Ke5 27. Kf2 Ne8 28. Kf3 Nd6 29. b3 Bc2 30. a5 g5 31. g4 Ne4 32. Ne2 Bd1 33. Kg2 Bxe2 34. Bxe2 f6 35. Bc4 Nc3 36. Kf3 Nxd5 37. Bd3 Nb4 38. Bf5 Nc6 39. Bc8 Nxa5 40. b4 Nc6 41. Bxb7 Nxb4 42. Ke2 a5 43. Kd2 Kd6 44. Kc3 Kc5 45. Kb3 Nd5 46. Ka4 Nxe3 47. Kxa5 Nd5 48. Ka4 Nf4 49. Kb3 Nxh3 50. Kc3 Nf4 51. Bc8 Kd5 52. Kb4 c5+ 53. Kc3 Ne6 54. Bb7+ Kd6 55. Kc4 Nd4 56. Bc8 Nf3 57. Bf5 Ne5+ 58. Kc3 Kd5 59. Bc8 Ke4 60. Bf5+ Kf4 61. Bc8 Nxg4 62. Kc4 Ne5+ 63. Kxc5 h5 64. Kd4 h4 65. Bb7 g4 66. Kc3 Nf3 67. Kd3 h3 68. Ke2 h2 69. Bxf3 gxf3+ 70. Kf2 f5 0-1


[Site "https://www.chess.com"]

[Event "Titled Tuesday Blitz April 11 Late 2023"]
[White "Xiong, Jeffery"]
[Black "Manelyuk, Daniil"]
[WhiteFideId "2047640"]
[BlackFideId "44173920"]
[WhiteElo "2726"]
[BlackElo "2259"]
[Result "0-1"]
[Round "02"]
[TimeControl "180+2"]
[Date "2023.04.11"]
[WhiteClock "0:00:50"]
[BlackClock "0:00:48"]

1. e4 c6 2. Nf3 d5 3. d3 Bg4 4. h3 Bxf3 5. Qxf3 e6 6. g3 Nf6 7. Bg2 Be7 8. O-O O-O 9. Qe2 c5 10. c3 Nc6 11. Nd2 Qd7 12. f4 dxe4 13. dxe4 e5 14. f5 Rfd8 15. a4 Na5 16. Nf3 Qc7 17. g4 c4 18. g5 Nh5 19. Kh2 Rd3 20. f6 Bc5 21. b4 Nb3 22. Rb1 Nxc1 23. Rbxc1 Be3 24. Ne1 Ng3 25. Kxg3 Bf4+ 26. Kh4 Rg3 27. Rxf4 exf4 28. Nf3 gxf6 29. gxf6 Qd8 30. e5 Qf8 0-1


[Site "https://www.chess.com"]

[Event "Titled Tuesday Blitz April 11 Late 2023"]
[White "Leiva, Gianmarco"]
[Black "Indjic, Aleksandar"]
[WhiteFideId "3804399"]
[BlackFideId "911925"]
[WhiteElo "2345"]
[BlackElo "2614"]
[Result "1-0"]
[Round "02"]
[TimeControl "180+2"]
[Date "2023.04.11"]
[WhiteClock "0:00:04"]
[BlackClock "0:00:24"]

1. e4 e5 2. Nf3 Nf6 3. d4 Nxe4 4. Bd3 d5 5. dxe5 Nc6 6. O-O Bg4 7. h3 Bh5 8. Bf4 Nc5 9. Be2 Ne6 10. Bg3 Bg6 11. c3 Bc5 12. Nbd2 a5 13. Nb3 Bb6 14. a4 O-O 15. Qd2 h6 16. Bd3 Ne7 17. Bxg6 Nxg6 18. Nfd4 c6 19. f4 f5 20. Kh1 Qd7 21. Nxe6 Qxe6 22. Bf2 Bxf2 23. Rxf2 Ne7 24. Rg1 b6 25. Nd4 Qc8 26. g4 c5 27. Nxf5 Nxf5 28. gxf5 Qxf5 29. Qxd5+ Kh8 30. Rg3 Ra7 31. Qf3 Rd7 32. Qg4 Re7 33. Qxf5 Rxf5 34. Kg2 Rd7 35. Rg6 Rb7 36. Kf3 Kh7 37. Rg3 g5 38. Ke4 Rbf7 39. Rgf3 gxf4 40. Rxf4 Rxf4+ 41. Rxf4 Rd7 42. Rf6 Rd2 43. Rxb6 Kg7 44. Kf5 Kf7 45. Rb7+ Ke8 46. Ke6 Kd8 47. Rb8+ Kc7 48. Rb5 c4 49. Rxa5 Rxb2 50. Rc5+ Kd8 51. Rxc4 h5 52. Rh4 Rb6+ 53. Kf5 Ra6 54. Rxh5 Ke7 55. Rh7+ Ke8 56. Rh4 Ke7 57. Rb4 Ke8 58. h4 Rh6 59. Kg5 Re6 60. Re4 Rc6 61. c4 Ra6 62. c5 Re6 63. Kf5 Rh6 64. a5 Ke7 65. Kg5 Rc6 66. Rc4 Ke6 67. Kf4 Kd5 68. Rc1 Ke6 69. h5 Kf7 70. Kf5 Rh6 71. c6 Rxh5+ 72. Kf4 Rh8 73. c7 Rc8 74. Kf5 Ke7 75. a6 Kd7 76. a7 Rf8+ 77. Ke4 Ra8 78. c8=Q+ Rxc8 79. Rxc8 Kxc8 80. a8=Q+ 1-0


[Site "https://www.chess.com"]